 Dungeon Crawl Stone Soup version 0.30.1-9-gdf580d7c3d (webtiles) character file.

Game seed: 237134864580120782

7 KittyFluff the Trooper (level 2, 0/19 HPs)
             Began as a Gargoyle Berserker on Oct 18, 2023.
             Was a Follower of Trog.
             Slain by a gnoll
             ... wielding a +0 flail
              (6 damage)
             ... on level 1 of the Dungeon.
             The game lasted 00:00:36 (137 turns).

KittyFluff the Trooper (Gargoyle Berserker)          Turns: 137, Time: 00:00:37

Health: 0/19       AC:  5    Str: 20    XL:     2   Next: 4%
Magic:  2/2        EV: 11    Int:  7    God:    Trog [*.....]
Gold:   6          SH:  0    Dex:  9    Spells: 1/1 levels left

rFire   . . .        a - +0 mace
rCold   . . .        (no shield)
rNeg    + . .        b - +0 animal skin
rPois   ∞            (no helmet)
rElec   +            (no cloak)
rCorr   .            (no gloves)
SInv    .            (no boots)
Will    .....        (no amulet)
Stlth   +            (no ring)
HPRegen 0.23/turn    (no ring)
MPRegen 0.08/turn

%: no passive effects
@: no status effects
A: sickness immunity, AC +2, negative energy resistance 1, electricity
resistance, torment resistance 1, petrification resistance
a: Renounce Religion, Berserk


You were on level 1 of the Dungeon.
You worshipped Trog.
Trog was aware of your devotion.
You visited 1 branch of the dungeon, and saw 1 of its levels.

You collected 6 gold pieces.

Inventory:

Hand Weapons
 a - a +0 mace (weapon)
Missiles
 d - 3 poisoned darts (quivered)
Armour
 b - a +0 animal skin (worn)
Potions
 c - a potion of flight {unknown}


   Skills:
 + Level 3.3 Fighting
 * Level 3.2 Maces & Flails
 * Level 2.4 Armour
 + Level 1.6 Dodging


You had one spell level left.
You didn't know any spells.
Your spell library was empty.

Dungeon Overview and Level Annotations

Branches:
Dungeon (1/15)

Altars:


Innate Abilities, Weirdness & Mutations

You are immune to sickness and miasma.
Your stone body is resilient. (AC +2)
You are immune to poison.
You resist negative energy. (rN+)
You are resistant to electric shocks. (rElec)
You are resistant to unholy torment.
You are immune to petrification.


Message History

A jackal comes into view.
Found an escape hatch in the floor.
A kobold comes into view. It is wielding a +0 short sword.
The kobold shouts!
A gnoll comes into view. It is wielding a +0 flail.
There is an open door here.
The jackal barks!
The jackal bites you but does no damage.
The gnoll shouts!
The jackal bites you but does no damage.
You hit the jackal.
The jackal is almost dead.
The jackal closely misses you.
You thump the jackal!
You kill the jackal!
Trog accepts your kill.
The jackal bites you but does no damage.
You miss the jackal.
The jackal is almost dead.
The jackal barely misses you. The jackal closely misses you.
You hit the jackal.
You kill the jackal!
Trog accepts your kill.
You have reached level 2!
You hit the gnoll.
The gnoll is moderately wounded.
The gnoll hits you with a +0 flail!
You thump the gnoll!
The gnoll is severely wounded.
The gnoll hits you with a +0 flail. The gnoll closely misses you.
You hit the gnoll but do no damage.
The gnoll is severely wounded.
The gnoll hits you with a +0 flail.
You hit the gnoll but do no damage. Your punch misses the gnoll.
The gnoll is severely wounded.
The gnoll hits you but does no damage.
You closely miss the gnoll.
The gnoll is severely wounded.
The gnoll hits you with a +0 flail.
You die...

#.# #..###....##....#
#..##...#...## ##.<.#
#...##....# ##...#
.#######........#####..###
.......)#####.....##..##
............####.....##
.........##....#########.
#...........##...#....>..
#......†....# #@#.......
#..#.#......####g#.......
................K'.......
...#.#..........##.h.....
................# ...K...
.....###..).....# ....g..
..... #........# #......
... #........# ......
#........# ..##..


You could see a gnoll and a kobold.

Vanquished Creatures
  A ball python (D:1)
  2 hobgoblins (D:1)
  2 jackals (D:1)
  A kobold (D:1)
6 creatures vanquished.

Notes
Turn   | Place    | Note
-------+----------+-------------------------------------------
     0 | D:1      | KittyFluff the Gargoyle Berserker began the quest for the
                  | Orb.
     0 | D:1      | Reached XP level 1. HP: 14/14 MP: 1/1
   133 | D:1      | Reached XP level 2. HP: 19/19 MP: 2/2
   137 | D:1      | Slain by a gnoll

Illustrated notes

Levels and vault maps discovered:
D:1:      dpeg_arrival_round_c, layout_basic, hellmonk_ecumenical_altar_blasted,
          glass_columns_a

Action                     || total
---------------------------++-------
  Melee: Mace              ||    25
 Armour: Animal skin       ||    12
  Dodge: Dodged            ||    12
